 Dungeon Crawl Stone Soup version 0.28-a0-793-g31680bbd8b (webtiles) character file.

Game seed: 12305247760345067734

544 Gwenloh the Chopper (level 7, 0/59 (61) HPs)
             Began as a Deep Dwarf Fighter on Nov 3, 2021.
             Slain by a wight (7 damage)
             ... on level 4 of the Dungeon.
             The game lasted 00:10:47 (3485 turns).

Gwenloh the Chopper (Deep Dwarf Fighter)            Turns: 3485, Time: 00:10:47

HP:   0/59 (61)     AC:  9    Str: 19    XL:     7   Next: 6%
MP:   7/7           EV:  9    Int:  9    God:
Gold: 277           SH:  5    Dex: 14    Spells: 6/6 levels left

rFire   . . .      SeeInvis .   y - +4 hand axe
rCold   . . .      Faith    .   c - +0 buckler
rNeg    . . .      Spirit   .   i - +0 scale mail
rPois   .          Reflect  .   m - +0 helmet
rElec   .          Harm     .   (no cloak)
rCorr   .          Rampage  .   (no gloves)
Will    +....                   l - +0 pair of boots
Stlth   ..........              g - amulet of magic regeneration
HPRegen 0.00/turn               n - ring of flight
MPRegen 0.35/turn               (no ring)

@: flying, lightly drained
A: damage resistance, heal wounds, sense surroundings 1, no regeneration
a: Heal Wounds


You were on level 4 of the Dungeon.
You visited 1 branch of the dungeon, and saw 4 of its levels.
You also visited: Sewer.

You collected 277 gold pieces.

Inventory:

Hand Weapons
 a - a +0 vampiric spear
 b - a +0 hunting sling
 y - a +4 hand axe (weapon)
Missiles
 j - 164 stones
 r - 22 sling bullets
Armour
 c - a +0 buckler (worn)
 i - a +0 scale mail (worn)
 l - a +0 pair of boots (worn)
 m - a +0 helmet (worn)
Jewellery
 g - an amulet of magic regeneration (around neck)
 n - a ring of flight (left hand)
 v - a +6 ring of intelligence
Scrolls
 e - a scroll of noise {unknown}
 h - 5 scrolls of identify {unknown}
 k - a scroll of enchant weapon {unknown}
 p - 2 scrolls of teleportation {unknown}
 q - 2 scrolls of holy word {unknown}
 w - a scroll of enchant armour {unknown}
 x - a scroll of immolation {unknown}
Potions
 d - 4 potions of might
 o - a potion of lignification {unknown}
 s - 3 potions of haste
 t - a potion of curing {unknown}
 u - a potion of heal wounds {unknown}


   Skills:
 - Level 2.6 Fighting
 * Level 6.1 Axes
 + Level 5.2 Armour
 + Level 5.2 Shields


You had 6 spell levels left.
You didn't know any spells.
Your spell library contained the following spells:

 Spells                   Type           Power      Damage    Failure   Level
 Call Canine Familiar     Summ           0%         N/A       98%         3
 Portal Projectile        Hex/Tloc       0%         N/A       98%         3
 Leda's Liquefaction      Hex/Erth       0%         N/A       100%        4


Dungeon Overview and Level Annotations

Branches:
Dungeon (4/15)              Sewer (visited)
 Temple: D:4-7

Altars:
Kikubaaqudgha

Shops:
D:2 [


Innate Abilities, Weirdness & Mutations

You are resistant to damage.
You can heal yourself by infusing magical energy.
You passively map a small area around you.
You do not regenerate.


Message History

A mummy comes into view.
You hit the mummy but do no damage. You hit the mummy.
The mummy is moderately damaged.
The mummy hits you.
You slash the mummy!
The mummy is heavily damaged.
The mummy hits you but does no damage.
You barely miss the mummy.
The mummy is heavily damaged.
You hit the mummy.
The mummy is severely damaged.
The mummy hits you.
You slash the mummy!
You destroy the mummy!
There is an open door here.
You reach down and open the door.
A wight comes into view. It is wielding a +3 mace.
You closely miss the wight. The wight hits you with a +3 mace.
You feel drained.
You closely miss the wight. The wight hits you with a +3 mace!
You barely miss the wight. The wight misses you.
You slash the wight!
The wight is heavily damaged.
The wight hits you with a +3 mace.
You feel drained.
You closely miss the wight.
The wight is heavily damaged.
The wight barely misses you.
You barely miss the wight.
The wight is heavily damaged.
The wight hits you with a +3 mace!
* * * LOW HITPOINT WARNING * * *
You barely miss the wight.
The wight is heavily damaged.
The wight hits you with a +3 mace.
* * * LOW HITPOINT WARNING * * *
You hit the wight.
The wight is severely damaged.
The wight hits you with a +3 mace!
You die...

....# #.#.#...##.#
....####.#..###.#.###
............# #.....#
....####.#..###.#.#.#
....###......########
###.##.....### +.+, *
....###...## ###.# *,
* ##### ##.## #.z.+ *
#.# ###@###** ,* #.#
#.'.'.#, ##'##
###.###* ##...##
#.).'.#
##.....#####.### * *
# ##.......##.).'_#
####.........###.###
...'.........#.'.).#
####.........###.###


You could see a wight.

Vanquished Creatures
  Pargi (Sewer)
  A phantom (D:4)
  3 wights (D:4)
  A human zombie (D:4)
  A jelly (D:4)
  A hound zombie (D:4)
  A howler monkey zombie (D:4)
  2 mummies (D:4)
  5 adders
  2 river rats (D:3)
  2 worms (D:2)
  2 dart slugs
  An orc (D:3)
  5 endoplasms
  7 giant cockroaches
  5 goblins
  6 hobgoblins
  4 kobolds
  6 quokkas
  2 ball pythons
  9 bats
  5 frilled lizards
  9 rats
81 creatures vanquished.

Notes
Turn   | Place    | Note
-------+----------+-------------------------------------------
     0 | D:1      | Gwenloh the Deep Dwarf Fighter began the quest for the Orb.
     0 | D:1      | Reached XP level 1. HP: 20/20 MP: 1/1
   194 | D:1      | Reached XP level 2. HP: 25/27 MP: 2/2
   307 | D:1      | Reached skill level 3 in Axes
   593 | D:1      | Reached XP level 3. HP: 33/33 MP: 3/3
  1198 | D:2      | Found a faded altar of an unknown god.
  1374 | D:2      | Found Inokk's Antique Armour Shop.
  1511 | D:2      | Reached XP level 4. HP: 39/40 MP: 4/4
  2198 | D:3      | Reached skill level 4 in Axes
  2499 | D:3      | Found a glowing drain.
  2503 | Sewer    | Entered a sewer
  2508 | Sewer    | Reached XP level 5. HP: 46/46 MP: 5/5
  2554 | Sewer    | Noticed Pargi
  2583 | Sewer    | Killed Pargi
  2987 | D:4      | Reached skill level 5 in Axes
  3248 | D:4      | Noticed a phantom
  3268 | D:4      | Killed a phantom
  3269 | D:4      | Reached XP level 6. HP: 30/55 MP: 6/6
  3427 | D:4      | Reached skill level 5 in Armour
  3427 | D:4      | Reached skill level 5 in Shields
  3429 | D:4      | Found an ancient bone altar of Kikubaaqudgha.
  3452 | D:4      | Reached skill level 6 in Axes
  3459 | D:4      | Reached XP level 7. HP: 14/61 MP: 7/7
  3485 | D:4      | Slain by a wight

Illustrated notes

Levels and vault maps discovered:
D:1:      eino_arrival_cavern_d, layout_basic
D:2:      kb_forest_paths, layout_basic, shapermc_ecumenical_altar_mp_highgroup,
          serial_shops, shop_coins, minmay_misc_feat_pillars
D:3:      wad_pebble_path, layout_basic, gup_sewer_entry_bowl
D:4:      layout_loops_corners, lemuel_mausoleum_altar_kikubaaqudgha,
          fountainhead, uniq_duvessa, uniq_sigmund

Skill      XL: |  1  2  3  4  5  6 |
---------------+-------------------+-----
Axes           | 3 4 5 6 |  6.1
Shields        | 4 5 |  5.2
Armour         | 4 5 |  5.2
Fighting       | |  2.6

Action                   |  1- 3 |  4- 6 |  7- 9 || total
-------------------------+-------+-------+-------++-------
Melee: War axe           |    36 |    19 |       ||    55
       Spear             |    75 |   119 |       ||   194
       Hand axe          |       |    40 |    18 ||    58
 Fire: Hunting sling     |    30 |    55 |       ||    85
 Abil: Heal Wounds       |       |     1 |     1 ||     2
Armor: Scale mail        |    39 |    84 |     1 ||   124
Dodge: Dodged            |    29 |    74 |     3 ||   106
Block: Buckler           |    16 |    45 |     2 ||    63

Table legend: (Time is in decaauts)
 A = Elapsed time spent in this place.
 B = Non-inter-level travel time spent in this place.
 C = Inter-level travel time spent in this place.
 D = Time resting spent in this place.
 E = Time spent auto-exploring this place.
 F = Levels seen in this place.
 G = Mean time per level.
                   A        B        C        D        E       F      G
               +--------+--------+--------+--------+--------+-----+--------+
         Total |   3494 |   3375 |    119 |    108 |   2442 |   5 |  698.8 |
       Dungeon |   3314 |   3195 |    119 |    108 |   2358 |   4 |  828.5 |
         Sewer |    179 |    179 |      0 |      0 |     84 |   1 |  179.0 |
               +--------+--------+--------+--------+--------+-----+--------+

Top non-repeatable levels by time:
     D:1: 1000 daAuts
     D:2: 915 daAuts
     D:3: 872 daAuts
     D:4: 524 daAuts
   Sewer: 179 daAuts
